 Dungeon Crawl Stone Soup version 0.18-a0-1805-g8ab820f (webtiles) character file.

142 epen the Gusty (level 5, -1/28 HPs)
             Began as a Deep Elf Air Elementalist on Apr 26, 2016.
             Slain by an ogre
             ... wielding a +0 giant club
              (26 damage)
             ... on level 3 of the Dungeon.
             The game lasted 00:12:46 (3207 turns).

epen the Gusty (Deep Elf Air Elementalist)          Turns: 3207, Time: 00:12:50

Health: -1/28      AC:  3    Str:  5    XL:     5   Next: 3%
Magic:  3/12       EV: 13    Int: 21    God:
Gold:   77         SH:  0    Dex: 15    Spells: 4 memorised, 0 levels left

rFire  . . .     SeeInvis .     i - +0 dagger (venom)
rCold  . . .     Gourm    .     a - +0 robe
rNeg   . . .     Faith    .     (no shield)
rPois  .         Spirit   .     (no helmet)
rElec  .         Dismiss  .     (no cloak)
rCorr  .         Reflect  .     (no gloves)
SustAt .         Harm     .     e - +0 pair of boots
MR     .....                    (no amulet)
Stlth  ++........               (no ring)
                                (no ring)

@: repel missiles, drained, not resistant to hostile enchantments, unstealthy
A: no striking features
a: no special abilities


You were on level 3 of the Dungeon.
You were not hungry.

You visited 1 branch of the dungeon, and saw 3 of its levels.

You collected 77 gold pieces.

Inventory:

Hand Weapons
 f - a +0 spear
 i - a +0 dagger of venom (weapon)
Armour
 a - a +0 robe (worn)
 e - a +0 pair of boots (worn)
Jewellery
 d - an uncursed amulet of harm
Scrolls
 h - a scroll of enchant armour {unknown}
 m - a scroll of blinking
Potions
 g - a potion of flight {unknown}
 k - 2 potions of heal wounds {unknown}
 p - a potion of magic {unknown}
 q - a potion of beneficial mutation {unknown}
Books
 b - a book of Air

   Spells                             Type                      Level
   a - Shock                          Conjuration/Air              1
   b - Swiftness                      Charms/Air                   2
   c - Repel Missiles                 Charms/Air                   2
   d - Static Discharge               Conjuration/Air              3
   e - Lightning Bolt                 Conjuration/Air              5
Comestibles
 c - 3 bread rations
 j - a royal jelly


   Skills:
 + Level 3.2(2.9) Dodging
 - Level 2.4(2.2) Stealth
 + Level 3.8(3.6) Spellcasting
 * Level 3.4(3.1) Conjurations
 * Level 4.1(3.8) Air Magic


You couldn't memorise any spells.
You knew the following spells:

 Your Spells              Type           Power        Failure   Level  Hunger
a - Shock                 Conj/Air       ###.         3%          1    None
b - Repel Missiles        Chrm/Air       ##....       12%         2    ##.....
c - Static Discharge      Conj/Air       ###.....     12%         3    ###....
d - Lightning Bolt        Conj/Air       ###.......   87%         5    ######.


Dungeon Overview and Level Annotations

Branches:
Dungeon (3/15)

Altars:
Kikubaaqudgha
The Shining One

Annotations:
D:3 Grinder


Message History

Casting: Shock
Confirm with . or Enter, or press ? or * to list all spells.
The ogre is struck by lightning.
The ogre is moderately wounded.
The lightning arcs!
You are struck by lightning.
The lightning grounds out.
The ogre barely misses you.
Unknown command.
Casting: Static Discharge
Confirm with . or Enter, or press ? or * to list all spells.
The ogre is struck by lightning.
The ogre is heavily wounded.
The lightning arcs!
You are struck by lightning.
The lightning grounds out.
Unknown command.
Casting: Static Discharge
Confirm with . or Enter, or press ? or * to list all spells.
The ogre is struck by lightning.
The ogre is severely wounded.
The lightning grounds out.
The ogre hits you with a giant club!!
Ouch! That really hurt!
You die...

########### #.......^.#
#.#######.# #.#.....#.#
########.#.###.#.#
.............#.#.#####
########.#####.#.#...
..#####.....O.#.#.##
?..........@.......###
................#....+ .
.............########...##....
....
.###+#............>.....$. ...
#.#.###....##.####..... ..
#.#.#.......#..[....... #.
#.#.###.>.........##### .#+#
#.#.#.+..............
.#.#######.#.#.#...........###


You could see an ogre.

Vanquished Creatures
  Terence (D:2)
  Ijyb (D:2)
  3 adders (D:2)
  2 worms (D:2)
  5 giant geckos
  7 bats
  4 giant cockroaches
  7 goblins
  6 hobgoblins
  7 kobolds
  A ball python (D:2)
  4 giant newts
  4 rats
52 creatures vanquished.

Notes
Turn   | Place    | Note
--------------------------------------------------------------
     0 | D:1      | epen the Deep Elf Air Elementalist began the quest for the Orb.
     0 | D:1      | Reached XP level 1. HP: 10/10 MP: 6/6
   194 | D:1      | Reached XP level 2. HP: 15/15 MP: 5/8
   198 | D:1      | Learned a level 2 spell: Repel Missiles
   700 | D:1      | Reached XP level 3. HP: 19/19 MP: 2/9
   915 | D:2      | Learned a level 3 spell: Static Discharge
  1447 | D:2      | Noticed Terence
  1450 | D:2      | Noticed Ijyb
  1461 | D:2      | Killed Terence
  1461 | D:2      | Reached XP level 4. HP: 12/24 MP: 1/11
  1652 | D:2      | Found an ancient bone altar of Kikubaaqudgha.
  1653 | D:2      | Found a glowing golden altar of the Shining One.
  2302 | D:3      | Noticed Grinder
  2378 | D:2      | Killed Ijyb
  2378 | D:2      | Reached skill level 4 in Air Magic
  2581 | D:3      | Noticed an ogre
  3104 | D:2      | Reached XP level 5. HP: 26/28 MP: 6/12
  3159 | D:2      | Learned a level 5 spell: Lightning Bolt
  3207 | D:3      | Slain by an ogre

Vault maps used:
D:1:      lightli_arrival_isolated_outpost, roderic_lattice_a
D:2:      gammafunk_temple_overflow_pools, uniq_iyjb, uniq_terence
D:3:      xom_butterflies, fedhas_altar_3, uniq_grinder

Skill      XL: |  1  2  3  4 |
---------------+-------------+-----
Conjurations   | 2 3 |  3.4
Dodging        | 3 |  3.2
Air Magic      | 4 |  4.1
Stealth        | |  2.4
Spellcasting   | |  3.8

Action                   |  1- 3 |  4- 6 || total
-------------------------+-------+-------++-------
Melee: Spear             |    35 |       ||    35
       Unarmed           |     1 |       ||     1
       Dagger            |    17 |    30 ||    47
 Cast: Shock             |    50 |    39 ||    89
       Repel Missiles    |     1 |       ||     1
       Static Discharge  |     6 |     8 ||    14
  Use: Scroll            |     2 |     5 ||     7
 Stab: Sleeping          |     3 |       ||     3
  Eat: Chunk             |     2 |     2 ||     4
       Meat ration       |       |     1 ||     1
Armor: Robe              |    14 |     6 ||    20
Dodge: Dodged            |    42 |    22 ||    64
